 Dungeon Crawl Stone Soup version 0.29.1 (webtiles) character file.

Game seed: 9266075125597406391

274 Powertoast the Magician (level 6, -9/43 HPs)
             Began as a Djinni Conjurer on Sept 13, 2022.
             Was an Initiate of Makhleb.
             Mangled by an orc warrior
             ... wielding a +0 battleaxe
              (10 damage)
             ... on level 6 of the Dungeon.
             The game lasted 00:06:12 (2583 turns).

Powertoast the Magician (Djinni Conjurer)           Turns: 2583, Time: 00:06:12

Health: -9/43      AC:  4    Str:  6    XL:     6   Next: 49%
Gold:   129        EV: 12    Int: 22    God:    Makhleb [......] SH:  0 Dex: 11

rFire   + + .      SeeInvis .   (no weapon)
rCold   . . .      Faith    .   (no shield)
rNeg    . . .      Spirit   .   m - +0 robe {rC+}
rPois   ∞          Reflect  .   j - +1 hat
rElec   .          Harm     .   k - +0 cloak
rCorr   .          Rampage  .   (no gloves)
Will    .....                   (boots unavailable)
Stlth   ++........              (no amulet)
HPRegen 0.14/turn               (no ring)
MPRegen 0.00/turn               (no ring)

@: flying
A: sickness immunity, fire resistance 2, cold vulnerability 1, float, innate
caster, HP casting, extra vitality 1
a: Renounce Religion


You were on level 6 of the Dungeon.
You worshipped Makhleb.
Makhleb was noncommittal.
You visited 1 branch of the dungeon, and saw 4 of its levels.

You collected 129 gold pieces.

Inventory:

Armour
 j - a +1 hat (worn)
 k - a +0 cloak (worn)
 m - a +0 robe of cold resistance (worn)
Wands
 l - a wand of paralysis (11)
Scrolls
 a - a scroll of brand weapon {unknown}
 c - 2 scrolls of teleportation {unknown}
 e - a scroll of vulnerability {unknown}
 f - 3 scrolls of immolation
 h - a scroll of enchant armour {unknown}
Potions
 d - 2 potions of heal wounds
 g - a potion of lignification {unknown}
 i - a potion of haste {unknown}


   Skills:
 + Level 1.8 Fighting
 - Level 2.1 Dodging
 - Level 1.5 Stealth
 * Level 5.4 Spellcasting


You couldn't memorise any spells.
You knew the following spells:

 Your Spells              Type           Power      Damage    Failure   Level
a - Magic Dart            Conj           100%       1d8       1%          1
b - Searing Ray           Conj           60%        2d6       1%          2
c - Dazzling Flash        Conj/Hex       60%        N/A       3%          3
d - Fulminant Prism       Conj/Hex       15%        3d11      10%         4
e - Iskenderun's Mystic   Conj/Tloc      30%        2d8       10%         4
f - Apportation           Tloc           60%        N/A       1%          1
g - Ensorcelled Hibernat  Hex/Ice        60%        N/A       1%          2
Your spell library was empty.

Dungeon Overview and Level Annotations

Branches:
Dungeon (6/15)             Temple (0/1) D:6

Altars:
Makhleb

Shops:
D:2 =


Innate Abilities, Weirdness & Mutations

You are immune to sickness and miasma.
You are immune to poison.
Your flesh is very heat resistant. (rF++)
You are vulnerable to cold. (rC-)
You float through the air rather than walking.
You learn spells naturally, not from books.
Your magical power is your life essence.
You have superior vitality. (+4 MHP)


Message History

The orc warrior shouts!
You hear an angry hiss.
You hear a shout!
There is an open door here.
Clearing monster memory.
Things that are here:
a +0 robe; a +0 short sword
Casting: Magic Dart (safe; 1% risk of failure)
Confirm with . or Enter, or press ? or * to list all spells.
Aiming: Searing Ray (safe; 1% risk of failure)
Press: ? - help, Shift-Dir - straight line, f/p - orc warrior
Aim: an orc warrior, wielding a +0 battleaxe and wearing a +0 chain mail (lightly wounded, 77% to hit)
The searing ray hits the orc warrior!
The orc warrior is heavily wounded. (Press . to maintain the ray.)
The searing ray misses the orc warrior.
The searing ray hits the orc warrior.
The orc warrior is heavily wounded.
The searing ray hits the orc warrior but does no damage.
The orc warrior is heavily wounded.
You finish channelling your searing ray.
An orc comes into view. It is wielding a +0 hand axe.
The orc warrior hits you with a +0 battleaxe.
Unknown command.
Casting: Searing Ray (safe; 1% risk of failure)
Confirm with . or Enter, or press ? or * to list all spells.
Aiming: Searing Ray (safe; 1% risk of failure)
Press: ? - help, Shift-Dir - straight line, p - orc warrior The searing ray hits the orc warrior but does no damage.
The orc warrior is heavily wounded. (Press . to maintain the ray.)
The orc shouts!
The orc warrior hits you with a +0 battleaxe!
The searing ray hits the orc warrior.
The orc warrior is severely wounded.
The orc warrior hits you with a +0 battleaxe!
* * * LOW HITPOINT WARNING * * *
Without enough magic to sustain it, your searing ray dissipates.
The orc warrior barely misses you.
The orc warrior attacks as you move away!
The orc warrior hits you with a +0 battleaxe!
You die...

#....# #### #....# #...
#....######...
#####.............
#...####..........
#...####..........
#....[o'..........
######.o#####..........
#....#@## #[.........
#......# #..........
#.....## #..........
#.....#######.......###
#....>................
#####.################
#.##########
#..........#
########...#


You could see an orc warrior.

Vanquished Creatures
  Blork the orc (D:6)
  A kobold brigand (D:6)
  A howler monkey (D:6)
  Jessica (D:2)
  An iguana (D:6)
  2 dart slugs
  5 endoplasms
  2 giant cockroaches
  2 goblins (D:1)
  3 hobgoblins
  5 quokkas
  8 ball pythons
  6 bats
  3 frilled lizards
  8 kobolds
  4 rats
53 creatures vanquished.

Notes
Turn   | Place    | Note
-------+----------+-------------------------------------------
     0 | D:1      | Powertoast the Djinni Conjurer began the quest for the Orb.
     0 | D:1      | Powertoast set off with the following spells memorised:
                  | Magic Dart, Searing Ray, Dazzling Flash, Fulminant Prism,
                  | Iskenderun's Mystic Blast.
     0 | D:1      | Reached XP level 1. HP: 15/15 MP: 0/0
   231 | D:1      | Reached XP level 2. HP: 18/21 MP: 0/0
   638 | D:1      | Reached XP level 3. HP: 23/25 MP: 0/0
   638 | D:1      | Learned a level 1 spell: Apportation
   844 | D:1      | Reached skill level 4 in Spellcasting
   937 | D:1      | Found a faded altar of an unknown god.
  1731 | D:2      | Found Zunais's Jewellery Boutique.
  1802 | D:2      | Reached XP level 4. HP: 30/31 MP: 0/0
  1876 | D:2      | Noticed Jessica
  1878 | D:2      | Killed Jessica
  1904 | D:2      | Found a burning altar of Makhleb.
  1912 | D:2      | Became a worshipper of Makhleb the Destroyer
  1998 | D:3      | You are sucked into a shaft and drop 3 floors!
  1998 | D:6      | Found a staircase to the Ecumenical Temple.
  2047 | D:6      | Noticed a kobold brigand
  2056 | D:6      | Killed a kobold brigand
  2057 | D:6      | Reached skill level 5 in Spellcasting
  2057 | D:6      | Reached XP level 5. HP: 15/35 MP: 0/0
  2057 | D:6      | Learned a level 2 spell: Ensorcelled Hibernation
  2074 | D:6      | Noticed an orc warrior
  2341 | D:6      | Reached skill level 1 in Fighting
  2341 | D:6      | Reached XP level 6. HP: 38/42 MP: 0/0
  2342 | D:6      | Noticed Blork the orc
  2355 | D:6      | Killed Blork the orc
  2579 | D:6      | HP: 1/43 [orc warrior/+0 battleaxe (16)]
  2583 | D:6      | Mangled by an orc warrior

Illustrated notes

Levels and vault maps discovered:
D:1:      matt_arrival_grand_opening, layout_loops_ring,
          hellmonk_ecumenical_altar_leap_of_faith
D:2:      layout_basic, basic_altar, serial_shops, shop, uniq_jessica
D:3:      layout_rooms, mainiacjoe_overflow_chevrons, gammafunk_ghost_icy,
          uniq_natasha
D:6:      nicolae_BIG_FREAKIN_CUBE, layout_basic, xom_redecorated,
          minmay_temple_entry_fiery, kennysheep_generic_room_12,
          uniq_blork_the_orc

Skill      XL: |  1  2  3  4  5 |
---------------+----------------+-----
Spellcasting   | 4 5 |  5.4
Fighting       | 1 |  1.8
Dodging        | |  2.1
Stealth        | |  1.5

Action                   |  1- 3 |  4- 6 || total
-------------------------+-------+-------++-------
 Cast: Magic Dart        |    76 |     9 ||    85
       Searing Ray       |       |     9 ||     9
  Use: Scroll            |     1 |     1 ||     2
Armor: Robe              |     5 |       ||     5
Dodge: Dodged            |     4 |     5 ||     9
